 Dungeon Crawl Stone Soup version bcrawl-1.19.1 (webtiles) character file.

Game seed: 10175804879660383722

231 Freyura the Shield-Bearer (level 5, -5/32 HPs)
             Began as a Skeleton Fighter on Dec 8, 2019.
             Slain by an ogre
             ... wielding a +0 giant spiked club
              (16 damage)
             ... on level 3 of the Dungeon.
             The game lasted 00:07:12 (2267 turns).

Freyura the Shield-Bearer (Skeleton Fighter)        Turns: 2267, Time: 00:07:13

Health: -5/32      AC:  9    Str: 22      XL:     5   Next: 73%
Magic:  0/5        EV:  7    Int:  6 (7)  God:
Gold:   254        SH: 10    Dex:  9      Spells: 4/4 levels left

rFire    + . .     SeeInvis .   a - +0 long sword
rCold    . . .     Gourm    .   c - +0 shield
rNeg     + + +     Faith    .   j - +0 chain mail
rPois    ∞         Spirit   +   (no helmet)
rElec    +         Reflect  .   (no cloak)
rCorr    .         Harm     .   (no gloves)
MR       .....                  (no boots)
Stlth    ..........             i - amulet of regeneration
HPRegen  0.50/turn              f - ring of fire
MPRegen  0.09/turn              g - ring of insulation

@: no status effects
A: no food or potions, cold resistance 1, deterioration 1, negative energy
resistance 3, torment resistance, unbreathing, magic shield, sturdy frame 1,
spell healing
a: no special abilities


You were on level 3 of the Dungeon.
You were not hungry.

You visited 1 branch of the dungeon, and saw 3 of its levels.

You collected 254 gold pieces.

Inventory:

Hand Weapons
 a - a +0 long sword (weapon)
Armour
 c - a +0 shield (worn)
 j - a +0 chain mail (worn)
Jewellery
 f - a ring of fire (left hand)
 g - a ring of insulation (right hand)
 i - an amulet of regeneration (around neck)
Scrolls
 b - a scroll of enchant armour {unknown}
 d - 3 scrolls of remove curse
 e - 2 scrolls of fear {unknown}
 h - a scroll of immolation {unknown}
 k - a scroll of teleportation {unknown}


   Skills:
 + Level 3.5 Fighting
 + Level 4.2 Long Blades
 + Level 4.5 Armour
 + Level 1.7 Dodging
 + Level 5.0 Shields


You had 4 spell levels left.
You didn't know any spells.
Your spell library was empty.

Dungeon Overview and Level Annotations

Branches:
Dungeon (3/12)

Altars:
Fedhas
Lugonu


Innate Abilities, Weirdness & Mutations

You do not eat or drink.
You are immune to poison.
Your flesh is cold resistant. (rC+)
Your body sometimes deteriorates upon taking damage.
You are immune to negative energy. (rN+++)
You are immune to unholy pain and torment.
You can survive without breathing.
When hurt, damage is shared between your health and your magic reserves.
Your movements are slightly less encumbered by armour. (ER -2)
Casting spells heals you.


Message History

You barely miss the ogre.
The ogre is moderately wounded.
The ogre hits you with a +0 giant spiked club.
* * * LOW HITPOINT WARNING * * *
You hit the ogre.
The ogre is heavily wounded.
The ogre barely misses you.
You hit the ogre.
The ogre is heavily wounded.
You barely miss the ogre.
The ogre is heavily wounded.
You block the ogre's attack.
You hit the ogre.
The ogre is severely wounded.
The ogre barely misses you.
Your shield and chain mail prevent you from hitting the ogre.
The ogre is severely wounded.
The ogre hits you with a +0 giant spiked club!!
Ouch! That really hurt!
You die...

#..##.......##......[#.###
#.###.##....########.#.#
#.##..##.....# #.#.#
##.##.###.....### #...#
#..##.# #.......## #..##
#.#...# #....##(.# #.##
#...### ##.#####.## #.#
#..## #.# #(.# #.# #.)#
#@# ##.###.# ## #.## #O#
#.....# .. ### #.# #####.#
.. #.# ### .. #.# .. #.#
.. #.# ## ###


You could see an ogre.

Vanquished Creatures
  A sky beast (D:3)
  4 adders
  An ooze (D:3)
  4 worms
  7 dart slugs
  9 leopard geckos
  6 orcs
  3 goblins
  5 hobgoblins
  4 jackals (D:1)
  A quokka (D:1)
  A ball python (D:3)
  4 bats
  3 frilled lizards
  8 kobolds
  3 rats
64 creatures vanquished.

Notes
Turn   | Place    | Note
-------+----------+-------------------------------------------
     0 | D:1      | Freyura the Skeleton Fighter began the quest for the Orb.
     0 | D:1      | Reached XP level 1. HP: 14/14 MP: 1/1
    42 | D:1      | Reached skill level 4 in Shields
    46 | D:1      | Reached XP level 2. HP: 18/19 MP: 2/2
   737 | D:1      | Reached XP level 3. HP: 17/23 MP: 3/3
  1308 | D:2      | Found a blossoming altar of Fedhas.
  1527 | D:2      | Reached XP level 4. HP: 19/28 MP: 1/4
  1688 | D:2      | Found a corrupted altar of Lugonu.
  1868 | D:3      | Noticed a sky beast
  1886 | D:3      | Killed a sky beast
  1886 | D:3      | Reached skill level 1 in Dodging
  1886 | D:3      | Reached XP level 5. HP: 29/32 MP: 2/5
  2014 | D:3      | Reached skill level 5 in Shields
  2254 | D:3      | Noticed an ogre
  2267 | D:3      | Slain by an ogre

Skill      XL: |  1  2  3  4  5 |
---------------+----------------+-----
Shields        | 4 5 |  5.0
Armour         | 4 |  4.5
Long Blades    | 3 4 |  4.2
Dodging        | 1 |  1.7
Fighting       | |  3.5

Action                   |  1- 3 |  4- 6 || total
-------------------------+-------+-------++-------
Melee: Long sword        |   134 |   135 ||   269
  Use: Scroll            |       |     3 ||     3
Armor: Scale mail        |    50 |    46 ||    96
Dodge: Dodged            |    53 |    43 ||    96
Block: Shield            |    68 |    67 ||   135
